 Dungeon Crawl Stone Soup version 0.29.1-12-g30fa7ad0bf (webtiles) character file.

Game seed: 2363545543034931857

49 Flaz the Chopper (level 3, -4/31 HPs)
             Began as a Ghoul Monk on Jan 18, 2023.
             Slain by a gnoll
             ... wielding a +0 spear
              (7 damage)
             ... on level 2 of the Dungeon.
             The game lasted 00:03:18 (1722 turns).

Flaz the Chopper (Ghoul Monk)                       Turns: 1722, Time: 00:03:19

Health: -4/31      AC:  2    Str: 15 (16) XL:     3   Next: 75%
Magic:  2/2        EV: 12    Int:  1 (5)  God:
Gold:   23         SH:  0    Dex:  7 (11) Spells: 2/2 levels left

rFire   . . .      SeeInvis +   a - +0 hand axe
rCold   + . .      Faith    .   (no shield)
rNeg    + + +      Spirit   .   b - +0 robe
rPois   ∞          Reflect  .   (no helmet)
rElec   .          Harm     .   (no cloak)
rCorr   .          Rampage  .   (no gloves)
Will    .....                   (no boots)
Stlth   ++........              (no amulet)
HPRegen 0.00/turn               n - ring of see invisible
MPRegen 0.08/turn               (no ring)

@: inhibited regen
A: claws 1, cold resistance 1, negative energy resistance 3, inhibited
regeneration, torment resistance 2, devour on kill
a: no special abilities


You were on level 2 of the Dungeon.
You visited 1 branch of the dungeon, and saw 2 of its levels.

You collected 23 gold pieces.

Inventory:

Hand Weapons
 a - a +0 hand axe (weapon)
 j - a +0 spear
Missiles
 k - 4 curare-tipped darts (quivered)
 m - 5 poisoned darts
Armour
 b - a +0 robe (worn)
Jewellery
 n - a ring of see invisible (left claw)
Scrolls
 d - a scroll of teleportation {unknown}
 i - a scroll of fog {unknown}
 l - a scroll of brand weapon {unknown}
 p - a scroll of magic mapping {unknown}
 q - a scroll of vulnerability {unknown}
Potions
 h - a potion of mutation


   Skills:
 - Level 3.2 Fighting
 + Level 4.2 Axes
 - Level 2.6 Dodging
 - Level 2.1 Stealth


You had 2 spell levels left.
You didn't know any spells.
Your spell library was empty.

Dungeon Overview and Level Annotations

Branches:
Dungeon (2/15)

Altars:

Shops:
D:2 (


Innate Abilities, Weirdness & Mutations

You are immune to poison.
You have sharp fingernails.
Your flesh is cold resistant. (rC+)
You are immune to negative energy. (rN+++)
You do not regenerate when monsters are visible.
You are immune to unholy pain and torment.
You thrive by killing the living.


Message History

Your body decomposes!
You feel clumsy.
Your body decomposes!
You feel dopey.
The gnoll hits you from afar with a +0 spear.
* * * LOW HITPOINT WARNING * * *
Okay, then.
Unknown command.
You are confused.
You feel invigorated.
The gnoll hits you from afar with a +0 spear.
* * * LOW HITPOINT WARNING * * *
You're too confused to move!
The gnoll closely misses you.
You hit the gnoll.
The gnoll is moderately wounded.
The gnoll closely misses you.
The gnoll hits you from afar with a +0 spear!
* * * LOW HITPOINT WARNING * * *
The gnoll hits you from afar with a +0 spear.
* * * LOW HITPOINT WARNING * * *
It was a potion of haste.
You feel yourself speed up. The gnoll misses you. The gnoll barely misses you.
It was a potion of brilliance.
You feel clever all of a sudden.
It was a potion of degeneration.
There was something very wrong with that liquid.
You feel weakened.
You feel dopey.
You feel clumsy. The gnoll hits you with a +0 club!
* * * LOW HITPOINT WARNING * * *
The gnoll hits you from afar with a +0 spear.
* * * LOW HITPOINT WARNING * * *
It was a potion of cancellation.
Your magical effects are unravelling.
You feel magically purged.
You feel less invigorated.
You feel yourself slow down.
You feel less confused.
You feel a little less clever now. The gnoll hits you with a +0 club.
* * * LOW HITPOINT WARNING * * *
The gnoll hits you from afar with a +0 spear!
You die...

######### #....@g.#
##### #.......#### ....#
#####..g.g......
###.####..........<.....
........................
##..###..###.#..........
#..# #..###.#..........
#..# #......#.)........
##..###..#.###.#.......


You could see 3 gnolls.

Vanquished Creatures
  2 gnolls
  A worm (D:2)
  A dart slug (D:1)
  4 bats
  An endoplasm (D:1)
  A giant cockroach (D:1)
  4 goblins
  2 hobgoblins (D:1)
  2 quokkas
  A ball python (D:2)
  4 frilled lizards (D:1)
  2 kobolds (D:1)
  A rat (D:1)
26 creatures vanquished.

Notes
Turn   | Place    | Note
-------+----------+-------------------------------------------
     0 | D:1      | Flaz the Ghoul Monk began the quest for the Orb.
     0 | D:1      | Reached XP level 1. HP: 19/19 MP: 0/0
   206 | D:1      | Reached skill level 3 in Axes
   485 | D:1      | Reached XP level 2. HP: 18/26 MP: 1/1
   847 | D:1      | HP: 1/26 [gnoll/+0 spear (9)]
   850 | D:1      | Reached XP level 3. HP: 1/31 MP: 2/2
  1437 | D:2      | Found Ollinei's Antique Weapon Boutique.
  1545 | D:2      | Reached skill level 4 in Axes
  1714 | D:2      | HP: 1/31 [gnoll/+0 spear (5)]
  1722 | D:2      | Slain by a gnoll

Illustrated notes

Levels and vault maps discovered:
D:1:      dpeg_cavernosity, layout_basic
D:2:      layout_basic, ebering_ecumenical_altar_webs, serial_shops,
          nicolae_shop_behind_doors, shop, shop

Skill      XL: |  1  2  3 |
---------------+----------+-----
Axes           | 3 4 |  4.2
Fighting       | |  3.2
Dodging        | |  2.6
Stealth        | |  2.1

Action                   || total
-------------------------++-------
Melee: Hand axe          ||    93
  Use: Potion            ||     7
 Stab: Sleeping          ||     6
Armor: Robe              ||     5
Dodge: Dodged            ||    58
